Map: Catalyst LE

Players

Panda - Winner!

  • Race: Protoss Protoss
  • League: Gold
  • Spawn Location: 11:00

ILIEKEGGPIE

  • Race: Zerg Zerg
  • League: Platinum
  • Spawn Location: 5:00

VOD

Have the link to the VOD?

Description

Time

  • Played on: June 6, 2018, 11:36 a.m.
  • Length: 14:16
Show
View Real Time Build Order
Export as new Build Order

Panda Protoss - Winner!

Build Orders: 1 Gate Expand, Double Forge, Zealot Archon 

Get SALT Encoding   

  12  0:01  Probe  
  13  0:13  Probe  
  14  0:21  Pylon  
  14  0:25  Probe  
  15  0:39  Probe  
  15  0:40  Gateway  
  16  0:50  Assimilator  
  16  0:51  Probe  
  17  1:03  Probe  
  18  1:15  Probe  
  19  1:27  Probe  
  19  1:29  Nexus  
  20  1:39  Probe  
  21  1:47  Cybernetics Core  
  21  1:50  Zealot  
  23  1:58  Pylon  
  23  2:06  Assimilator  
  23  2:08  Warp Gate  
  23  2:16  Probe  
  24  2:28  Probe  
  27  2:32  Twilight Council  
  24  2:38  Zealot  
  24  2:41  Probe  
  24  2:42  Probe  
  28  2:50  Charge  
  28  2:54  Probe x2  
  30  3:05  Pylon  
  30  3:06  Probe x2  
  32  3:16  Gateway  
  32  3:18  Probe x2  
  34  3:30  Probe x2  
  36  3:38  Templar Archives  
  36  3:42  Gateway, Probe x2  
  38  3:51  Assimilator  
  38  3:54  Probe  
  39  4:03  Gateway  
  39  4:05  Pylon  
  39  4:08  Forge  
  39  4:15  Probe x2  
  41  4:17  Assimilator  
  41  4:27  Probe  
  41  4:30  High Templar x2  
  41  4:31  Protoss Ground Weapons Level 1  
  46  4:33  Probe  
  46  4:36  Archon  
  47  4:39  Probe  
  47  4:45  Probe  
  49  4:55  Forge  
  49  4:57  Pylon  
  49  4:59  Pylon  
  49  5:03  Probe x2  
  49  5:04  Gateway  
  49  5:06  Gateway  
  51  5:12  Zealot x2  
  55  5:15  High Templar, Probe x2  
  55  5:16  High Templar  
  55  5:20  Archon  
  61  5:27  Probe  
  61  6:04  High Templar x3  
  61  6:07  Zealot  
  69  6:13  Nexus  
  69  6:18  Archon  
  69  6:25  Zealot x2  
  70  6:32  Protoss Ground Weapons Level 2  
  70  6:36  Protoss Ground Armor Level 1, Probe x2  
  72  6:41  Pylon  
  72  6:43  Pylon  
  72  6:46  Assimilator  
  72  6:48  Probe  
  72  6:50  Assimilator, High Templar  
  72  6:52  Zealot  
  77  6:55  Pylon  
  77  6:58  Pylon  
  77  7:00  Probe x2  
  79  7:02  Pylon  
  79  7:04  Pylon  
  79  7:05  Pylon  
  79  7:07  Shield Battery  
  79  7:10  Shield Battery  
  79  7:12  Shield Battery, High Templar, Probe x2  
  79  7:13  High Templar  
  79  7:15  Zealot x2, Shield Battery  
  89  7:18  Archon x2  
  89  7:29  Zealot  
  91  7:30  Zealot  
  93  7:43  Zealot x2  
  97  7:49  Zealot x2  
  97  7:51  Zealot x2  
  99  7:53  Probe x3  
  96  8:05  Probe x3  
  98  8:06  Robotics Facility  
  98  8:08  High Templar x2  
  103  8:12  Archon  
  103  8:24  Probe  
  103  8:25  Probe x2  
  103  8:27  Protoss Ground Armor Level 2  
  106  8:37  Probe x3  
  109  8:42  Protoss Shields Level 1  
  109  8:48  Zealot x4  
  99  8:49  Zealot x2, Probe  
  99  8:55  Immortal  
  110  9:00  Robotics Facility  
  110  9:02  Pylon  
  110  9:03  Probe x3  
  113  9:15  Probe  
  114  9:18  Probe x2  
  116  9:27  Probe  
  117  9:35  Nexus  
  117  9:37  Pylon  
  117  9:40  Pylon  
  117  9:41  Immortal  
  117  9:43  Assimilator  
  121  9:45  Assimilator  
  121  9:48  High Templar x2, Pylon  
  121  9:49  High Templar x4  
  121  9:51  Warp Prism  
  135  9:53  Archon x2  
  135  9:54  Archon  
  135  9:59  Shield Battery x2  
  135  10:01  Shield Battery  
  135  10:05  Photon Cannon  
  135  10:06  Photon Cannon  
  135  10:13  Probe x3  
  138  10:25  Gateway x2, Probe  
  139  10:29  Gateway  
  139  10:36  Zealot x6  
  139  10:39  Immortal  
  139  10:41  Observer  
  154  11:00  High Templar x6  
  154  11:03  Observer  
  154  11:04  Archon x3  
  163  11:19  Observer  
  163  11:24  Zealot x2  
  168  11:27  Immortal  
  170  11:39  Zealot x6  
  164  11:40  Zealot, Immortal  
  150  11:48  High Templar x2  
  150  12:00  Archon  
  148  12:05  Zealot x4  
  148  12:06  Zealot x3, Immortal  
  166  12:19  Immortal  
  170  12:43  Gateway  
  160  12:46  Zealot x4  
  160  12:47  Zealot x5, Gateway  
  160  12:49  Gateway, Immortal  
  160  12:50  Gateway  
  158  12:58  Immortal  
  162  13:11  High Templar x7  
  162  13:12  High Templar  
  178  13:16  Archon x3  
  178  13:17  Archon  
  178  13:25  Zealot  
  180  13:28  Immortal  
  184  13:38  Pylon  
  184  13:41  Pylon  
  188  13:44  Zealot x4  
  160  14:03  Zealot x5  
  160  14:04  Zealot x5  
Show
View Real Time Build Order
Export as new Build Order

ILIEKEGGPIE Zerg 

Build Orders: Hatch First 

Get SALT Encoding   

  12  0:05  Drone  
  13  0:11  Drone  
  14  0:17  Overlord  
  14  0:39  Drone  
  14  0:40  Drone x2  
  17  0:54  Drone  
  18  1:20  Hatchery  
  18  1:22  Drone x2  
  19  1:31  Extractor  
  18  1:38  Spawning Pool, Extractor  
  17  1:44  Hatchery  
  16  1:50  Drone x3  
  19  1:55  Extractor  
  18  2:07  Drone  
  19  2:16  Drone  
  20  2:25  Queen  
  22  2:33  Queen  
  22  2:36  Drone x3  
  27  2:40  Metabolic Boost  
  27  2:58  Drone  
  27  2:59  Drone  
  29  3:08  Drone x3  
  29  3:09  Lair  
  32  3:16  Queen  
  34  3:32  Overlord  
  34  3:39  Overlord  
  34  3:40  Overlord  
  34  3:52  Drone  
  34  3:53  Drone  
  36  3:57  Roach Warren  
  36  4:02  Zergling x2  
  36  4:03  Zergling x12  
  36  4:04  Zergling x2  
  36  4:06  Drone  
  44  4:18  Overseer  
  44  4:29  Queen  
  45  4:47  Drone x6  
  45  4:48  Drone  
  45  4:52  Extractor  
  51  4:54  Extractor  
  50  5:10  Roach x4  
  50  5:11  Overlord x2  
  58  5:19  Overlord x2  
  58  5:23  Glial Reconstitution  
  58  5:30  Evolution Chamber  
  58  5:32  Evolution Chamber  
  56  5:55  Drone  
  56  5:56  Drone x4  
  61  5:58  Zerg Missile Weapons Level 1  
  61  5:59  Zerg Ground Armor Level 1  
  59  6:23  Roach  
  59  6:24  Roach x14  
  87  6:30  Drone x2  
  86  6:34  Overseer  
  86  6:48  Drone x4  
  86  6:51  Overlord x2  
  90  7:09  Overlord x3  
  90  7:16  Drone x3  
  90  7:21  Drone x4  
  90  7:22  Drone  
  98  7:26  Drone  
  99  7:30  Drone  
  99  7:31  Drone  
  87  7:54  Roach  
  87  7:55  Roach x8  
  87  7:58  Overlord  
  101  8:04  Hydralisk Den  
  96  8:07  Drone  
  96  8:08  Infestation Pit  
  96  8:09  Roach  
  96  8:10  Roach x6  
  96  8:12  Zerg Missile Weapons Level 2  
  110  8:13  Zerg Ground Armor Level 2  
  110  8:23  Roach  
  112  8:27  Drone  
  112  8:28  Drone x2  
  112  8:33  Drone x2  
  117  8:37  Spine Crawler  
  116  8:56  Hydralisk  
  116  8:57  Roach x4, Hydralisk x3  
  116  8:58  Roach x2  
  136  9:06  Muscular Augments  
  136  9:08  Drone x2  
  136  9:09  Extractor  
  137  9:10  Drone  
  137  9:11  Overlord x3, Extractor  
  137  9:25  Overlord  
  137  9:28  Overseer  
  137  9:30  Drone x3  
  140  9:36  Drone  
  140  9:37  Drone x7  
  148  9:47  Zergling x6  
  148  9:48  Zergling x8  
  155  9:54  Overseer  
  155  10:00  Drone  
  155  10:01  Drone x2  
  158  10:12  Drone x2  
  160  10:18  Pathogen Glands  
  160  10:20  Hatchery  
  159  10:24  Hydralisk x3  
  159  10:25  Roach x2  
  159  10:26  Overlord  
  167  10:45  Roach x2, Hydralisk x2  
  167  10:46  Roach  
  167  10:47  Overlord x4  
  177  10:51  Hive  
  177  10:57  Pneumatized Carapace  
  177  10:59  Burrow  
  177  11:18  Hydralisk x5  
  175  11:19  Hydralisk x7  
  120  11:59  Hydralisk, Overseer  
  120  12:00  Roach x2, Hydralisk x4  
  120  12:01  Roach x2, Hydralisk x5  
  134  12:02  Hydralisk x4  
  149  12:31  Hydralisk  
  149  12:32  Roach x2, Hydralisk x3  
  149  12:33  Roach x2  
  115  13:00  Baneling Nest  
  115  13:03  Hydralisk x4  
  115  13:04  Hydralisk x4  
  130  13:11  Overlord  
  129  13:45  Zergling x12  
  129  13:46  Zergling x6  
Tags
 
Add a new tag
Caveats
  • Supply blocks, unpowered buildings, or Contaminate may cause inaccurate times.
  • Supply counts are checked every 10 seconds.